 Dungeon Crawl Stone Soup version 0.32-a0-931-g5a2cda0630 (webtiles) character file.

Game seed: 16953457438787611051

147 Maxmaps the Cudgeller (level 5, -7/54 HPs)
             Began as an Oni Monk on Apr 14, 2024.
             Mangled by a kobold
             ... wielding a +1 dagger of electrocution
              (18 damage)
             ... on level 3 of the Dungeon.
             The game lasted 00:01:31 (1914 turns).

Maxmaps the Cudgeller (Oni Monk)                    Turns: 1914, Time: 00:01:33

Health: -7/54      AC:  4    Str: 15    XL:     5   Next: 29%
Magic:  5/5        EV:  9    Int: 13    God:
Gold:   63         SH:  5    Dex: 11    Spells: 4/4 levels left

rFire   + . .        n - +0 whip (drain)
rCold   . . .        d - orb {light}
rNeg    . . .        b - +0 robe
rPois   .            (helmet restricted)
rElec   .            k - +0 cloak
rCorr   .            (gloves unavailable)
SInv    .            (boots unavailable)
Will    .....        m - amulet of reflection
Stlth   +            h - ring of protection from fire
HPRegen 0.29/turn    (no ring)
MPRegen 0.09/turn

%: reflection
@: glowing
A: large, unfitting armour, horns 1, tough skin 1, double potion healing,
drunken brawling
a: no special abilities


You were on level 3 of the Dungeon.
You visited 1 branch of the dungeon, and saw 3 of its levels.

You collected 63 gold pieces.

Inventory:

Hand Weapons
 a - a +0 mace
 n - a +0 whip of draining (weapon)
Armour
 b - a +0 robe (worn)
 d - an orb of light (worn)
 k - a +0 cloak (worn)
Jewellery
 h - a ring of protection from fire (left hand)
 m - an amulet of reflection (around neck)
Scrolls
 e - 2 scrolls of identify {unknown}
 g - 2 scrolls of noise {unknown}
 j - a scroll of enchant armour {unknown}
 p - a scroll of brand weapon {unknown}
 q - a scroll of revelation {unknown}
 r - a scroll of enchant weapon {unknown}
Potions
 c - a potion of ambrosia
 f - a potion of degeneration {unknown}
 i - a potion of enlightenment {unknown}
 l - a potion of might {unknown}
 o - a potion of heal wounds {unknown}


   Skills:
 - Level 4.0 Fighting
 + Level 5.8 Maces & Flails
 - Level 2.6 Dodging


You had 4 spell levels left.
You didn't know any spells.
Your spell library contained the following spells:

 Spells                   Type           Power      Damage    Failure   Level
 Magic Dart               Conj           0%         1d3       30%         1
 Searing Ray              Conj           0%         2d4       43%         2
 Fulminant Prism          Conj/Alch      0%         3d5       97%         4


Dungeon Overview and Level Annotations

Branches:
Dungeon (3/15)

Altars:

Shops:
D:2 *


Innate Abilities, Weirdness & Mutations

You are too large for most types of armour.
You have a pair of small horns on your head.
You have tough skin. (AC +1)
You gain doubled healing and magic from potions.
Whenever you drink a healing potion, you attack all around you.


Message History

Found 3 javelins.
No target in view!
Found a stone staircase leading up.
A kobold comes into view.
It is wielding a +1 dagger of electrocution.
The kobold shouts!
The kobold hits you with a +1 dagger of electrocution.
You are electrocuted!!
You hit the kobold but do no damage. You drain the kobold.
The kobold is severely wounded.
The kobold closely misses you.
You barely miss the kobold.
The kobold is severely wounded.
The kobold hits you but does no damage.
You are electrocuted!
You are too injured to fight recklessly!
You are too injured to fight recklessly!
You are too injured to fight recklessly!
You are too injured to fight recklessly!
You are too injured to fight recklessly!
A kobold is nearby!
A kobold is nearby!
You are too injured to fight recklessly!
A kobold is nearby!
You are too injured to fight recklessly!
You are too injured to fight recklessly!
You are too injured to fight recklessly!
You are too injured to fight recklessly!
You are too injured to fight recklessly!
The kobold hits you with a +1 dagger of electrocution.
You are electrocuted!
You hit the kobold but do no damage.
The kobold is severely wounded.
The kobold hits you with a +1 dagger of electrocution.
* * * LOW HITPOINT WARNING * * *
You hit the kobold but do no damage.
You headbutt the kobold, but do no damage.
The kobold is severely wounded.
The kobold hits you with a +1 dagger of electrocution.
* * * LOW HITPOINT WARNING * * *
You are electrocuted!!
You die...

.#.# ... ....#
....# #.#.##
##....#
###.###...<#
......K@...#
#.##.###...##.#
#.##.# ##....#
#.##.####.####
#.##.#....#
#.##.#....## #
#.##....(..#
####.##.##.......#
.................#


You could see a kobold (very drained).

Vanquished Creatures
  Jessica (D:2)
  Natasha (twice) (D:2)
  An adder (D:2)
  2 dart slugs
  5 orcs (D:2)
  5 ball pythons (D:1)
  4 bats
  6 endoplasms
  A giant cockroach (D:2)
  7 goblins
  4 hobgoblins
  4 quokkas
  5 kobolds
  A rat (D:1)
48 creatures vanquished.

Notes
Turn   | Place    | Note
-------+----------+-------------------------------------------
     0 | D:1      | Maxmaps the Oni Monk began the quest for the Orb.
     0 | D:1      | Reached XP level 1. HP: 24/24 MP: 1/1
   130 | D:1      | Reached XP level 2. HP: 28/32 MP: 2/2
   591 | D:1      | Reached skill level 4 in Maces & Flails
   597 | D:1      | Reached XP level 3. HP: 35/39 MP: 3/3
  1256 | D:2      | Noticed Natasha
  1261 | D:2      | Killed Natasha
  1262 | D:2      | Reached XP level 4. HP: 47/48 MP: 4/4
  1299 | D:2      | Found Uguac's Assorted Antiques.
  1305 | D:2      | Reached skill level 5 in Maces & Flails
  1678 | D:2      | Noticed Jessica
  1690 | D:2      | Killed Jessica
  1691 | D:2      | Reached XP level 5. HP: 39/54 MP: 5/5
  1796 | D:2      | Noticed Natasha
  1806 | D:2      | Killed Natasha
  1914 | D:3      | Mangled by a kobold

Illustrated notes

Levels and vault maps discovered:
D:1:      dpeg_arrival_water_temple_mockup, layout_basic
D:2:      layout_rooms, serial_shops, shop, grunt_ministairs_15,
          serial_park_tiny_2, uniq_jessica, uniq_natasha
D:3:      layout_loops_ring, cheibriados_altar_1,
          nicolae_tso_swordbearing_angel, uniq_robin

Skill      XL: |  1  2  3  4 |
---------------+-------------+-----
Maces & Flails | 4 5 |  5.8
Fighting       | |  4.0
Dodging        | |  2.6

Action                     |  1- 3 |  4- 6 || total
---------------------------+-------+-------++-------
  Melee: Mace              |    59 |    33 ||    92
         Headbutt          |    10 |    16 ||    26
         Whip              |       |    36 ||    36
 Armour: Robe              |    38 |    46 ||    84
  Dodge: Dodged            |    30 |    30 ||    60

Table legend: (Time is in decaauts)
 A = Elapsed time spent in this place.
 B = Non-inter-level travel time spent in this place.
 C = Inter-level travel time spent in this place.
 D = Time resting spent in this place.
 E = Time spent auto-exploring this place.
 F = Levels seen in this place.
 G = Mean time per level.
                   A        B        C        D        E       F      G
               +--------+--------+--------+--------+--------+-----+--------+
         Total |   1923 |   1751 |    172 |      0 |   1460 |   3 |  641.0 |
       Dungeon |   1923 |   1751 |    172 |      0 |   1460 |   3 |  641.0 |
               +--------+--------+--------+--------+--------+-----+--------+

Top non-repeatable levels by time:
     D:1: 1137 daAuts
     D:2: 757 daAuts
     D:3: 29 daAuts
